[ PARTIDA AOE2 · #486641769 ]
UnrankedWu vs Wei
Equipo del jugador · VICT
Equipo rival · DERR
[ ANÁLISIS DE REPETICIÓN · EXTRAÍDO DE LA PARTIDA GRABADA ]
Feudal
9:06
Castillos
19:01
Imperial
39:07
| APM promedio | 62.2 |
| APM pico | 129 |
| eAPM promedio | 29.9 |
| Aldeanos / militares | 135 / 84 |
Foco
⚔️ 37.3% · 🌾 62.7%
Unknown (1974) ×115 · Archer ×37 · Spearman ×34 · Battering Ram ×9 · Unknown (1942) ×7 · Militia ×2
Feudal
10:30
Castillos
15:15
Imperial
—
| APM promedio | 38.8 |
| APM pico | 83 |
| eAPM promedio | 23.4 |
| Aldeanos / militares | 157 / 33 |
Foco
⚔️ 28.1% · 🌾 71.9%
Unknown (1944) ×55 · Skirmisher ×22 · Unknown (1949) ×22 · Unknown (1952) ×13 · Archer ×7 · Battering Ram ×2
Mapa de la partida
Recursos iniciales + cada clic de construcción. Líneas = muros · curvas = relieve. ◆ oro · ⬟ piedra · ● bayas · ✦ reliquia · ◌ hueco del cierre
Tu base· ✓ Cerrada en 19:01 · 41t muro · 1 puerta(s)
Base de PSX | King· Abierta — flanco sin cerrar
Terreno inicial suavizado · ◌ = hueco del cierre detectado · pasá el cursor para detalles
Inputs por minuto
— TmZ_Jozuh - - PSX | King
Build order — TmZ_Jozuh
Primeras 150 de 517 acciones detectadas
| 0:00 | Crear | Villager (Male) |
| 0:01 | Crear | Villager (Male) |
| 0:01 | Crear | Villager (Male) |
| 0:04 | Construir | House |
| 0:13 | Crear | Villager (Male) |
| 1:24 | Crear | Villager (Male) |
| 1:49 | Construir | Lumber Camp |
| 2:11 | Crear | Villager (Male) |
| 2:11 | Crear | Villager (Male) |
| 2:11 | Crear | Villager (Male) |
| 2:19 | Crear | Villager (Male) |
| 2:19 | Crear | Villager (Male) |
| 3:20 | Crear | Villager (Male) |
| 3:20 | Crear | Villager (Male) |
| 3:26 | Construir | House |
| 3:50 | Crear | Villager (Male) |
| 4:00 | Crear | Villager (Male) |
| 4:14 | Crear | Villager (Male) |
| 4:52 | Crear | Villager (Male) |
| 5:15 | Construir | Mill |
| 5:18 | Crear | Villager (Male) |
| 5:23 | Crear | Villager (Male) |
| 5:23 | Crear | Villager (Male) |
| 5:24 | Crear | Villager (Male) |
| 5:31 | Crear | Villager (Male) |
| 5:59 | Crear | Villager (Male) |
| 6:02 | Crear | Villager (Male) |
| 6:08 | Investigar | Loom |
| 6:56 | Investigar | Feudal Age |
| 6:56 | Investigar | Feudal Age |
| 7:07 | Construir | Barracks |
| 7:21 | Construir | Mining Camp |
| 7:29 | Crear | Villager (Male) |
| 8:00 | Construir | Lumber Camp |
| 8:18 | Construir | House |
| 8:42 | Construir | Palisade Wall |
| 9:06 | Edad | Edad Feudal |
| 9:20 | Construir | Archery Range |
| 9:38 | Crear | Villager (Male) |
| 9:40 | Construir | House |
| 9:41 | Construir | Palisade Wall |
| 9:43 | Crear | Villager (Male) |
| 9:49 | Construir | House |
| 10:01 | Investigar | Double-Bit Axe |
| 10:04 | Crear | Villager (Male) |
| 10:12 | Crear | Archer |
| 10:15 | Construir | Palisade Wall |
| 10:17 | Crear | Villager (Male) |
| 10:27 | Crear | Villager (Male) |
| 10:28 | Crear | Archer |
| 10:33 | Crear | Villager (Male) |
| 10:42 | Crear | Villager (Male) |
| 10:48 | Crear | Archer |
| 10:53 | Crear | Villager (Male) |
| 10:56 | Construir | House |
| 11:07 | Crear | Villager (Male) |
| 11:16 | Construir | Blacksmith |
| 11:24 | Crear | Villager (Male) |
| 11:24 | Crear | Villager (Male) |
| 11:27 | Construir | Palisade Wall |
| 11:29 | Crear | Villager (Male) |
| 11:40 | Construir | Palisade Wall |
| 11:43 | Crear | Villager (Male) |
| 11:48 | Crear | Villager (Male) |
| 11:49 | Crear | Archer |
| 11:54 | Construir | House |
| 11:56 | Construir | Palisade Wall |
| 11:59 | Construir | House |
| 12:01 | Construir | Palisade Wall |
| 12:06 | Crear | Villager (Male) |
| 12:10 | Crear | Villager (Male) |
| 12:14 | Crear | Villager (Male) |
| 12:23 | Construir | Palisade Wall |
| 12:25 | Construir | Palisade Wall |
| 12:27 | Crear | Villager (Male) |
| 12:31 | Construir | Farm |
| 12:39 | Investigar | Wheelbarrow |
| 12:43 | Crear | Archer |
| 12:51 | Construir | House |
| 12:52 | Crear | Villager (Male) |
| 13:01 | Construir | Farm |
| 13:08 | Construir | Farm |
| 13:16 | Crear | Archer |
| 13:19 | Crear | Villager (Male) |
| 13:28 | Crear | Villager (Male) |
| 13:30 | Construir | Farm |
| 13:36 | Construir | Farm |
| 13:49 | Crear | Archer |
| 13:52 | Construir | Farm |
| 14:27 | Construir | Market |
| 14:30 | Crear | Villager (Male) |
| 14:44 | Crear | Villager (Male) |
| 14:59 | Construir | Palisade Gate |
| 15:03 | Construir | House |
| 15:05 | Crear | Villager (Male) |
| 15:07 | Construir | Farm |
| 15:21 | Construir | Farm |
| 15:32 | Construir | Farm |
| 15:35 | Construir | Farm |
| 15:56 | Crear | Villager (Male) |
| 16:18 | Investigar | Castle Age |
| 16:36 | Construir | Farm |
| 16:48 | Investigar | Horse Collar |
| 16:48 | Investigar | Horse Collar |
| 16:50 | Crear | Archer |
| 16:50 | Crear | Archer |
| 16:57 | Crear | Villager (Male) |
| 17:20 | Investigar | Gold Mining |
| 17:21 | Investigar | Gold Mining |
| 17:22 | Crear | Archer |
| 17:48 | Investigar | Fletching |
| 17:53 | Construir | Archery Range |
| 18:02 | Crear | Villager (Male) |
| 18:34 | Crear | Archer |
| 19:01 | Edad | Edad de los Castillos |
| 19:05 | Construir | Town Center |
| 19:10 | Crear | Archer |
| 19:34 | Investigar | Crossbowman (upgrade) |
| 19:34 | Investigar | Crossbowman (upgrade) |
| 19:51 | Investigar | Bodkin Arrow |
| 19:51 | Investigar | Bodkin Arrow |
| 19:55 | Crear | Villager (Male) |
| 20:48 | Crear | Archer |
| 20:53 | Crear | Militia |
| 20:55 | Crear | Archer |
| 20:55 | Crear | Archer |
| 21:14 | Crear | Villager (Male) |
| 21:17 | Construir | Farm |
| 21:17 | Construir | Farm |
| 21:18 | Construir | Farm |
| 21:19 | Crear | Villager (Male) |
| 21:20 | Crear | Archer |
| 21:20 | Crear | Archer |
| 21:24 | Construir | House |
| 21:26 | Crear | Archer |
| 21:26 | Crear | Archer |
| 21:38 | Investigar | Hand Cart |
| 21:41 | Construir | Farm |
| 21:42 | Construir | Farm |
| 21:50 | Crear | Archer |
| 21:57 | Crear | Villager (Male) |
| 22:03 | Crear | Villager (Male) |
| 22:11 | Crear | Archer |
| 22:11 | Crear | Archer |
| 22:21 | Crear | Villager (Male) |
| 22:31 | Construir | Lumber Camp |
| 22:38 | Crear | Villager (Male) |
| 22:39 | Crear | Archer |
| 22:39 | Crear | Archer |
| 22:46 | Crear | Villager (Male) |
Build order — PSX | King
Primeras 150 de 439 acciones detectadas
| 0:00 | Crear | Villager (Male) |
| 0:00 | Crear | Villager (Male) |
| 0:02 | Construir | House |
| 0:03 | Construir | House |
| 0:09 | Crear | Villager (Male) |
| 0:10 | Crear | Villager (Male) |
| 0:10 | Crear | Villager (Male) |
| 1:20 | Crear | Villager (Male) |
| 1:46 | Construir | Lumber Camp |
| 1:49 | Crear | Villager (Male) |
| 2:04 | Crear | Villager (Male) |
| 2:43 | Crear | Villager (Male) |
| 3:10 | Crear | Villager (Male) |
| 3:32 | Crear | Villager (Male) |
| 3:49 | Crear | Villager (Male) |
| 4:22 | Crear | Villager (Male) |
| 4:39 | Construir | Mill |
| 4:43 | Crear | Villager (Male) |
| 4:49 | Construir | House |
| 5:05 | Crear | Villager (Male) |
| 5:05 | Crear | Villager (Male) |
| 5:43 | Crear | Villager (Male) |
| 6:16 | Crear | Villager (Male) |
| 6:18 | Construir | Mining Camp |
| 6:41 | Crear | Villager (Male) |
| 7:08 | Crear | Villager (Male) |
| 7:19 | Crear | Villager (Male) |
| 7:29 | Investigar | Loom |
| 8:17 | Investigar | Feudal Age |
| 8:35 | Crear | Villager (Male) |
| 8:35 | Crear | Villager (Male) |
| 8:58 | Construir | House |
| 9:53 | Construir | Barracks |
| 9:54 | Crear | Villager (Male) |
| 10:30 | Edad | Edad Feudal |
| 10:33 | Construir | Blacksmith |
| 11:09 | Construir | Market |
| 11:23 | Construir | Farm |
| 11:31 | Crear | Villager (Male) |
| 11:40 | Construir | Farm |
| 12:00 | Construir | Farm |
| 12:15 | Construir | Farm |
| 12:35 | Investigar | Castle Age |
| 12:35 | Investigar | Castle Age |
| 12:44 | Construir | Farm |
| 13:23 | Construir | Lumber Camp |
| 13:35 | Construir | House |
| 13:38 | Construir | House |
| 13:40 | Construir | Palisade Wall |
| 13:45 | Construir | Palisade Wall |
| 13:51 | Investigar | Fletching |
| 13:51 | Crear | Villager (Male) |
| 14:15 | Investigar | Double-Bit Axe |
| 14:50 | Construir | Archery Range |
| 14:54 | Investigar | Gold Mining |
| 15:10 | Construir | Palisade Wall |
| 15:12 | Construir | Palisade Gate |
| 15:15 | Edad | Edad de los Castillos |
| 15:31 | Crear | Villager (Male) |
| 15:46 | Construir | Farm |
| 15:48 | Crear | Unit 1952 |
| 15:48 | Crear | Unit 1952 |
| 15:49 | Crear | Unit 1952 |
| 15:52 | Investigar | Bodkin Arrow |
| 16:01 | Crear | Unit 1952 |
| 16:01 | Crear | Unit 1952 |
| 16:03 | Crear | Villager (Male) |
| 16:26 | Construir | Farm |
| 16:28 | Crear | Villager (Male) |
| 16:28 | Crear | Archer |
| 16:32 | Crear | Unit 1952 |
| 16:37 | Crear | Villager (Male) |
| 16:49 | Construir | House |
| 16:52 | Crear | Unit 1952 |
| 16:52 | Crear | Unit 1952 |
| 17:01 | Crear | Villager (Male) |
| 17:04 | Crear | Unit 1952 |
| 17:12 | Construir | Farm |
| 17:18 | Construir | Farm |
| 17:20 | Construir | Farm |
| 17:24 | Construir | Farm |
| 17:26 | Crear | Villager (Male) |
| 17:31 | Construir | House |
| 17:42 | Investigar | Padded Archer Armor |
| 17:43 | Crear | Villager (Male) |
| 17:50 | Crear | Villager (Male) |
| 18:02 | Construir | House |
| 18:04 | Construir | House |
| 18:07 | Crear | Unit 1952 |
| 18:16 | Construir | Stable |
| 18:18 | Construir | House |
| 18:23 | Crear | Villager (Male) |
| 18:23 | Crear | Villager (Male) |
| 18:33 | Construir | House |
| 18:42 | Crear | Villager (Male) |
| 18:44 | Crear | Unit 1952 |
| 18:44 | Crear | Unit 1952 |
| 19:21 | Construir | University |
| 19:30 | Crear | Villager (Male) |
| 19:46 | Construir | Town Center |
| 20:02 | Crear | Villager (Male) |
| 20:05 | Investigar | Leather Archer Armor |
| 20:45 | Crear | Villager (Male) |
| 20:46 | Crear | Villager (Male) |
| 21:08 | Crear | Villager (Male) |
| 21:08 | Crear | Villager (Male) |
| 21:41 | Crear | Villager (Male) |
| 21:46 | Investigar | Ballistics |
| 21:53 | Construir | House |
| 21:54 | Construir | House |
| 21:56 | Crear | Villager (Male) |
| 22:07 | Crear | Villager (Male) |
| 22:07 | Crear | Villager (Male) |
| 22:21 | Construir | Archery Range |
| 22:36 | Investigar | Elite Skirmisher (upgrade) |
| 22:36 | Investigar | Elite Skirmisher (upgrade) |
| 22:37 | Crear | Villager (Male) |
| 22:37 | Crear | Villager (Male) |
| 22:38 | Crear | Villager (Male) |
| 22:38 | Crear | Villager (Male) |
| 22:43 | Construir | House |
| 22:47 | Construir | Stone Wall |
| 22:49 | Construir | Stone Wall |
| 22:51 | Construir | Gate |
| 22:55 | Crear | Villager (Male) |
| 22:59 | Construir | Farm |
| 23:00 | Construir | Farm |
| 23:01 | Construir | Farm |
| 23:02 | Construir | Farm |
| 23:06 | Crear | Villager (Male) |
| 23:11 | Crear | Skirmisher |
| 23:21 | Crear | Villager (Male) |
| 23:26 | Crear | Skirmisher |
| 23:47 | Crear | Skirmisher |
| 23:48 | Crear | Skirmisher |
| 23:54 | Crear | Skirmisher |
| 23:54 | Crear | Skirmisher |
| 24:01 | Construir | Siege Workshop |
| 24:02 | Crear | Villager (Male) |
| 24:08 | Construir | Stone Wall |
| 24:10 | Crear | Villager (Male) |
| 24:14 | Construir | Stable |
| 24:22 | Crear | Skirmisher |
| 24:22 | Crear | Skirmisher |
| 24:33 | Crear | Skirmisher |
| 24:44 | Crear | Skirmisher |
| 24:44 | Crear | Skirmisher |
| 24:47 | Crear | Villager (Male) |
| 24:47 | Crear | Villager (Male) |
| 24:50 | Construir | Farm |
Cronología de la partida
| 7:07 | TmZ_Jozuh · first_building Barracks |
| 8:42 | TmZ_Jozuh · wall_segment Palisade Wall x5 |
| 9:06 | TmZ_Jozuh · age_up feudal |
| 9:20 | TmZ_Jozuh · first_building Archery Range |
| 9:41 | TmZ_Jozuh · wall_segment Palisade Wall x1 |
| 9:53 | PSX | King · first_building Barracks |
| 10:15 | TmZ_Jozuh · wall_segment Palisade Wall x5 |
| 10:30 | PSX | King · age_up feudal |
| 11:27 | TmZ_Jozuh · wall_segment Palisade Wall x5 |
| 11:40 | TmZ_Jozuh · wall_segment Palisade Wall x1 |
| 11:48 | PSX | King · first_market_buy 100 food |
| 11:56 | TmZ_Jozuh · wall_segment Palisade Wall x1 |
| 12:01 | TmZ_Jozuh · wall_segment Palisade Wall x11 |
| 12:23 | TmZ_Jozuh · wall_segment Palisade Wall x7 |
| 12:25 | TmZ_Jozuh · wall_segment Palisade Wall x5 |
| 13:40 | PSX | King · wall_segment Palisade Wall x2 |
| 13:45 | PSX | King · wall_segment Palisade Wall x1 |
| 14:50 | PSX | King · first_building Archery Range |
| 15:10 | PSX | King · wall_segment Palisade Wall x13 |
| 15:15 | PSX | King · age_up castle |
| 15:40 | TmZ_Jozuh · first_market_buy 100 food |
| 16:06 | TmZ_Jozuh · first_market_sell 100 wood |
| 18:16 | PSX | King · first_building Stable |
| 19:01 | TmZ_Jozuh · age_up castle |
| 22:34 | PSX | King · first_market_sell 100 food |
| 22:47 | PSX | King · wall_segment Stone Wall x3 |
| 22:49 | PSX | King · wall_segment Stone Wall x6 |
| 24:01 | PSX | King · first_building Siege Workshop |
| 24:08 | PSX | King · wall_segment Stone Wall x1 |
| 26:10 | TmZ_Jozuh · first_building Siege Workshop |
| 29:11 | PSX | King · first_building Castle |
| 31:19 | TmZ_Jozuh · first_building Monastery |
| 36:01 | PSX | King · wall_segment Palisade Wall x1 |
| 39:07 | TmZ_Jozuh · age_up imperial |
| 43:35 | TmZ_Jozuh · first_building Castle |
| 44:48 | TmZ_Jozuh · wall_segment Stone Wall x6 |
| 44:52 | TmZ_Jozuh · wall_segment Stone Wall x9 |
| 45:08 | TmZ_Jozuh · wall_segment Palisade Wall x1 |
| 46:59 | PSX | King · resign |
[ ANÁLISIS IA · 1 CRÉDITO ]
¿Qué pasó realmente en esta partida?
Wolo.gg analiza cada decisión: build order, eco, micro, errores típicos por bracket. Análisis personalizado por WhatsApp o Discord en 30 segundos.
Guía civ
Wu
Perfil
Jugador #742550